 Dungeon Crawl Stone Soup version 0.28.0-62-gf88900778d (webtiles) character file.

Game seed: 11493538120037924748

25 cbfl8 the Chopper (level 3, -1/33 HPs)
             Began as a Hill Orc Berserker on July 8, 2023.
             Was a Follower of Trog.
             Slain by Natasha (3 damage)
             ... on level 1 of the Dungeon.
             The game lasted 00:01:45 (1458 turns).

cbfl8 the Chopper (Hill Orc Berserker)              Turns: 1458, Time: 00:01:46

Health: -1/33      AC:  2    Str: 19    XL:     3   Next: 4%
Magic:  3/3        EV: 12    Int:  7    God:    Trog [*.....]
Gold:   39         SH:  0    Dex: 12    Spells: 2/2 levels left

rFire   . . .      SeeInvis .   a - +0 hand axe
rCold   . . .      Faith    .   (no shield)
rNeg    . . .      Spirit   .   b - +0 animal skin
rPois   .          Reflect  .   (no helmet)
rElec   .          Harm     .   (no cloak)
rCorr   .          Rampage  .   (no gloves)
Will    .....                   (no boots)
Stlth   +.........              (no amulet)
HPRegen 0.11/turn               (no ring)
MPRegen 0.08/turn               (no ring)

@: no status effects
A: no striking features
a: Renounce Religion, Berserk


You were on level 1 of the Dungeon.
You worshipped Trog.
Trog was aware of your devotion.
You visited 1 branch of the dungeon, and saw 2 of its levels.

You collected 39 gold pieces.

Inventory:

Hand Weapons
 a - a +0 hand axe (weapon)
Armour
 b - a +0 animal skin (worn)


   Skills:
 + Level 4.1 Fighting
 + Level 4.6 Axes
 + Level 2.2 Armour
 - Level 1.5 Dodging
 + Level 0.3 Stealth
 * Level 1.0 Evocations


You had 2 spell levels left.
You didn't know any spells.
Your spell library was empty.

Dungeon Overview and Level Annotations

Branches:
Dungeon (2/15)

Altars:

Annotations:
D:1 Natasha
D:2 Terence


Message History

There is a stone staircase leading down here.
You closely miss Natasha. Natasha barely misses you.
You hit Natasha.
Natasha is lightly wounded.
Natasha claws you!
Unknown command.
Unknown command.
You are too injured to fight recklessly!
You barely miss Natasha.
Natasha is lightly wounded.
Natasha wildly gestures.
Natasha shimmers violently.
Natasha misses you.
You hit Natasha. Your punch misses Natasha.
Natasha is heavily wounded.
Natasha mumbles some strange words.
Natasha stares at you and mumbles some strange words.
The magic dart hits you.
You hit Natasha but do no damage.
Natasha is heavily wounded.
Natasha misses you.
You hit Natasha.
Natasha is almost dead.
Natasha claws you.
* * * LOW HITPOINT WARNING * * *
You closely miss Natasha.
Natasha is almost dead.
You hit the crimson imp. Natasha claws you.
* * * LOW HITPOINT WARNING * * *
The crimson imp blinks!
You miss Natasha.
Natasha is almost dead.
Natasha claws you.
* * * LOW HITPOINT WARNING * * *
You closely miss Natasha.
Natasha is almost dead.
Natasha wildly gestures.
You feel disoriented. Natasha claws you.
You die...

#### ###########
...#### #.....h@..#
......# #.....ยง...#
......# #.........#
).....# #.........#
......####.........#
###...#........5...#
# #...#............#
###...#............#
...................#


You could see Natasha and a crimson imp (summoned).

Vanquished Creatures
  2 ball pythons (D:1)
  2 endoplasms (D:1)
  A giant cockroach (D:1)
  3 goblins (D:1)
  2 hobgoblins (D:1)
  A quokka (D:1)
  2 bats (D:1)
  2 frilled lizards (D:1)
  5 kobolds (D:1)
  3 rats (D:1)
23 creatures vanquished.

Notes
Turn   | Place    | Note
-------+----------+-------------------------------------------
     0 | D:1      | cbfl8 the Hill Orc Berserker began the quest for the Orb.
     0 | D:1      | Reached XP level 1. HP: 19/19 MP: 1/1
   236 | D:1      | Reached XP level 2. HP: 27/27 MP: 2/2
  1005 | D:1      | Reached skill level 1 in Evocations
  1005 | D:1      | Reached XP level 3. HP: 29/33 MP: 3/3
  1071 | D:2      | Noticed Terence
  1072 | D:2      | Noticed Natasha
  1458 | D:1      | Slain by Natasha

Illustrated notes

Levels and vault maps discovered:
D:1:      tarquinn_simple_flora_water_f, layout_rooms
D:2:      layout_basic, shapermc_ecumenical_altar_pompeii, uniq_jessica,
          uniq_robin, uniq_terence, uniq_natasha, uniq_crazy_yiuf_cottage

Skill      XL: |  1  2 |
---------------+-------+-----
Fighting       | 4 |  4.1
Evocations     | 1 |  1.0
Axes           | |  4.6
Armour         | |  2.2
Dodging        | |  1.5
Stealth        | |  0.3

Action                   || total
-------------------------++-------
Melee: Hand axe          ||    80
       Punch             ||     1
  Use: Scroll            ||     2
Armor: Animal skin       ||    20
Dodge: Dodged            ||    58
